Map: Prion Terraces

Players

Dayshi - Winner!

  • Race: Terran Terran
  • League: Grandmaster

Vincent

  • Race: Zerg Zerg
  • League: Grandmaster

Event: DreamHack ZOWIE Open Leipzig

VOD

Have the link to the VOD?

Description

Time

  • Played on: Jan. 22, 2016, 8:16 a.m.
  • Length: 3:41

All games in this series

Show
View Real Time Build Order
Export as new Build Order

Dayshi Terran - Winner!

Build Orders: Proxy Build, Mass Reaper 

Get SALT Encoding   

  12  0:00  SCV  
  14  0:16  Supply Depot  
  14  0:18  SCV  
  14  0:29  Refinery  
  15  0:40  Barracks  
  14  0:44  SCV  
  15  1:01  Barracks  
  15  1:04  SCV  
  16  1:16  SCV  
  17  1:27  Reaper  
  17  1:29  Orbital Command  
  18  1:49  Reaper  
  18  1:50  Bunker  
  19  1:57  Supply Depot  
  19  1:59  SCV, Reaper  
  21  2:13  SCV  
  21  2:21  Reaper  
  22  2:25  SCV  
  23  2:30  Bunker  
  23  2:41  SCV  
  23  2:43  Reaper  
  24  2:53  SCV  
  24  2:57  Reaper  
  26  3:05  SCV  
  26  3:12  Command Center, Refinery  
  26  3:19  SCV  
  28  3:33  Barracks  
  30  3:34  Barracks  
Show
View Real Time Build Order
Export as new Build Order

Vincent Zerg 

Build Orders: Hatch First, Roach Zergling 

Get SALT Encoding   

  12  0:00  Drone  
  13  0:13  Overlord  
  13  0:18  Drone  
  14  0:31  Drone x2  
  14  0:35  Drone  
  17  0:51  Hatchery  
  17  0:54  Drone  
  17  0:58  Drone  
  18  1:11  Spawning Pool  
  18  1:16  Drone, Extractor  
  17  1:19  Drone  
  18  1:28  Drone  
  19  1:40  Overlord  
  19  1:51  Drone  
  20  2:01  Queen, Zergling x2  
  21  2:02  Roach Warren  
  21  2:04  Zergling x2  
  23  2:14  Queen  
  25  2:16  Zergling x2  
  25  2:21  Zergling x2  
  23  2:42  Roach x2  
  24  2:47  Roach  
  20  3:02  Roach  
  22  3:11  Roach  
  19  3:20  Roach  

Tags
 
Add a new tag
Caveats
  • Supply blocks, unpowered buildings, or Contaminate may cause inaccurate times.
  • Supply counts are checked every 10 seconds.